 Dungeon Crawl Stone Soup version 0.31.0-1-g2c135a008e (webtiles) character file.

Game seed: 16377364143780988366

97 qw the Shooter (level 5, -6/40 HPs)
             Began as a Djinni Hunter on Jan 24, 2024.
             Killed from afar by Natasha (9 damage)
             ... with a magic dart
             ... on level 2 of the Dungeon.
             The game lasted 00:00:06 (1536 turns).

qw the Shooter (Djinni Hunter)                      Turns: 1536, Time: 00:00:06

Health: -6/40      AC:  3    Str: 16    XL:     5   Next: 0%
Gold:   22         EV: 13    Int: 10    God:
                   SH:  0    Dex: 19

rFire   + + .        a - +0 shortbow
rCold   x . .        (shield currently unavailable)
rNeg    . . .        c - +0 leather armour
rPois   inf          (no helmet)
rElec   .            (no cloak)
rCorr   .            (no gloves)
SInv    .            (boots unavailable)
Will    .....        (no amulet)
Stlth   ++           d - +6 ring of strength
HPRegen 0.26/turn    (no ring)
MPRegen 0.00/turn

%: infuse magic (-7 HP)
@: flying, slowed, very slow
A: sickness immunity, fire resistance 2, cold vulnerability 1, float, innate
caster, HP casting, extra vitality 1
a: no special abilities


You were on level 2 of the Dungeon.
You visited 1 branch of the dungeon, and saw 2 of its levels.

You collected 100 gold pieces.
You spent 78 gold pieces at shops.


Innate Abilities, Weirdness & Mutations

You are immune to sickness and miasma.
You are immune to poison.
Your flesh is very heat resistant. (rF++)
You are vulnerable to cold. (rC-)
You float through the air rather than walking.
You learn spells naturally, not from books.
Your magical power is your life essence.
You have superior vitality. (+4 MHP)


   Skills:
 - Level 3.1 Fighting
 + Level 4.1 Ranged Weapons
 - Level 3.0 Dodging
 - Level 0.7 Stealth


You knew the following spells:

 Your Spells              Type           Power      Damage    Failure   Level
a - Kiss of Death         Conj/Necr      0%         2d5       43%         1
b - Momentum Strike       Conj/Tloc      0%         3d8       56%         2
Your spell library was empty.

Inventory:

Hand Weapons
 a - a +0 shortbow (weapon)
Armour
 c - a +0 leather armour (worn)
Jewellery
 d - a +6 ring of strength (left hand)
Scrolls
 b - a scroll of brand weapon {unknown}
 e - a scroll of teleportation {unknown}
 g - 4 scrolls of identify
Potions
 f - a potion of resistance {unknown}
 h - 3 potions of curing
 k - a potion of might {unknown}
 l - a potion of ambrosia {unknown}

Dungeon Overview and Level Annotations

Branches:
Dungeon (2/15)

Altars:
Gozag

Shops:
D:2 ?

Annotations:
D:2 Natasha


Message History

1523 ||| SHOPLISTING scroll of identify (26 gold, have 22).
You can access your shopping list by pressing '$'.
Natasha, Servant of Life and Death comes into view.
She is carrying a wand of flame.
You shoot an arrow.
Natasha hisses angrily.
The arrow hits Natasha but does no damage.
You shoot an arrow.
The arrow hits Natasha but does no damage.
You shoot an arrow. The arrow closely misses Natasha.
You shoot an arrow. The arrow barely misses Natasha.
Natasha casts a spell at you.
You feel yourself slow down.
You shoot an arrow.
The arrow hits Natasha but does no damage.
You shoot an arrow. The arrow hits Natasha.
Natasha is lightly wounded.
Natasha wildly gestures.
Natasha shimmers violently.
You shoot an arrow. The arrow barely misses Natasha.
Natasha claws you. Natasha barely misses you.
You shoot an arrow. The arrow closely misses Natasha.
Natasha claws you. Natasha casts a spell at you. The magic dart hits you.
You shoot an arrow.
The arrow hits Natasha but does no damage.
Natasha is lightly wounded.
Natasha claws you.
Natasha zaps a wand.
The puff of flame hits you. You resist.
You shoot an arrow. The arrow closely misses Natasha.
Natasha claws you. Natasha closely misses you.
You shoot an arrow. The arrow hits Natasha.
Natasha is lightly wounded.
Natasha claws you! Natasha casts a spell at you. The magic dart hits you!
You shoot an arrow. The arrow barely misses Natasha.
Natasha stares at you and mumbles some strange words.
The magic dart hits you!
You die...
Natasha curls up and begins to purr.

#.#####.###.###.##### #.#
#..#.## #.....# #.# ##.#.##
#####.#
####%####....#########.# ##
#...........~.......##.#
~###.######.~..~#####..##.#
~~## #~~~~~~~# #..##.#
#~##.# ######.#####..##.#
#~~#.# #....@.\..~~~~.#
####.# #.##h####....~.#
##.#.# ........~~~~## #.#.#
##.##.######.###
##.#.####.## #. #.#
#.<......... .. #.#
.........)# .# #.#
####.###### . #.# #%#


You could see Natasha.

Vanquished Creatures
  Natasha (twice) (D:2)
  An adder (D:2)
  4 ball pythons
  5 endoplasms
  2 giant cockroaches (D:1)
  2 goblins (D:1)
  4 hobgoblins
  3 kobolds
  2 quokkas (D:2)
  4 bats
  6 frilled lizards
  3 rats
38 creatures vanquished.

Notes
Turn   | Place    | Note
-------+----------+-------------------------------------------
     0 | D:1      | qw the Djinni Hunter began the quest for the Orb.
     0 | D:1      | Reached XP level 1. HP: 18/18 MP: 0/0
     0 | D:1      | 0 ||| qw: Version: 0.3-a-136-gdd3b4e8
     0 | D:1      | 0 ||| qw: Game counter: 1426
     0 | D:1      | 0 ||| qw: Melee chars always use a shield: true
     0 | D:1      | 0 ||| qw: God list: Okawaru
     0 | D:1      | 0 ||| qw: Allow faded altars: false
     0 | D:1      | 0 ||| qw: Do Orc after clearing Dungeon:15 true
     0 | D:1      | 0 ||| qw: Do second Lair branch before Depths: true
     0 | D:1      | 0 ||| qw: Lair rune preference: random
     0 | D:1      | 0 ||| qw: Goals: Normal
     0 | D:1      | 0 ||| PLANNING D:1-11
   154 | D:1      | Reached XP level 2. HP: 23/23 MP: 0/0
   554 | D:1      | Reached skill level 4 in Ranged Weapons
   554 | D:1      | Reached XP level 3. HP: 28/28 MP: 0/0
   554 | D:1      | Learned a level 1 spell: Kiss of Death
   654 | D:1      | Found an opulent altar of Gozag.
   725 | D:1      | Found a faded altar of an unknown god.
   773 | D:1      | 773 ||| READING scroll labelled MEOTULO ZURYTI.
   774 | D:1      | 774 ||| READING 2 scrolls labelled GALOOX YD SUCS.
   774 | D:1      | 774 ||| IDENTIFYING white potion
   775 | D:1      | 775 ||| READING scroll of identify.
   775 | D:1      | 775 ||| IDENTIFYING yellow potion
   776 | D:1      | 776 ||| READING scroll labelled ODIECL SUVVU.
   777 | D:1      | 777 ||| READING scroll labelled XESHOA RAROCU.
   778 | D:1      | 778 ||| READING scroll labelled JILAUXTAIJU.
   879 | D:1      | 879 ||| DROPPING scroll of butterflies.
  1061 | D:2      | Noticed Natasha
  1064 | D:2      | Killed Natasha
  1065 | D:2      | Reached skill level 3 in Fighting
  1065 | D:2      | Reached XP level 4. HP: 28/35 MP: 0/0
  1110 | D:2      | Noticed Natasha
  1119 | D:2      | 1119 ||| RETREEEEATING.
  1121 | D:2      | 1121 ||| UPGRADING to +6 ring of strength.
  1123 | D:2      | HP: 7/35 [cerulean imp/+2 spear[Natasha] (4)]
  1124 | D:2      | 1124 ||| DRINKING potion of heal wounds.
  1125 | D:2      | 1125 ||| FLEEEEING.
  1126 | D:2      | 1126 ||| FLEEEEING.
  1132 | D:2      | HP: 8/35 [cerulean imp/+1 spear[Natasha] (5)]
  1250 | D:2      | 1250 ||| FLEEEEING.
  1251 | D:2      | 1251 ||| FLEEEEING.
  1253 | D:2      | Killed Natasha
  1254 | D:2      | Reached skill level 3 in Dodging
  1453 | D:2      | Reached XP level 5. HP: 40/40 MP: 0/0
  1453 | D:2      | Learned a level 2 spell: Momentum Strike
  1514 | D:2      | Found Rarhunemi's Magic Scroll Shoppe.
  1523 | D:2      | 1523 ||| BUYING 3 scrolls of identify (78 gold).
  1523 | D:2      | Bought 3 scrolls of identify for 78 gold pieces
  1523 | D:2      | 1523 ||| SHOPLISTING scroll of identify (26 gold, have 22).
  1524 | D:2      | Noticed Natasha
  1535 | D:2      | HP: 3/40 [Natasha/magic dart (8)]
  1536 | D:2      | Killed from afar by Natasha

Levels and vault maps discovered:
D:1:      dpeg_arrival_water_altar, layout_basic, ebering_ecumenical_altar_rust,
          minmay_bisected
D:2:      layout_loops_ring, serial_shops, shop, serial_rivers,
          chequers_serial_rivers_small_b, chequers_serial_rivers_small_3,
          chequers_serial_rivers_micro_e, chequers_serial_rivers_micro_d,
          chequers_serial_rivers_micro_b, uniq_natasha

Skill      XL: |  1  2  3  4 |
---------------+-------------+-----
Ranged Weapons | 4 |  4.1
Fighting       | 3 |  3.1
Dodging        | 3 |  3.0
Stealth        | |  0.7

Action                     |  1- 3 |  4- 6 || total
---------------------------+-------+-------++-------
   Fire: Shortbow          |    78 |    49 ||   127
    Use: Scroll            |     6 |       ||     6
         Potion            |       |     1 ||     1
 Armour: Leather armour    |    21 |    30 ||    51
  Dodge: Dodged            |    17 |    18 ||    35

Table legend:
 A = Non-vault XP
 B = Vault XP
 C = Vault XP percentage of total XP
 D = Non-vault monster count
 E = Vault monster count
 F = Vault count percentage of total count
                 A         B        C        D         E       F
            +---------+---------+-------+---------+---------+-------
      Total |     102 |      37 |  26.6 |      36 |       2 |   5.3
            +---------+---------+-------+---------+---------+-------
        D:1 |      28 |       2 |   6.7 |      17 |       1 |   5.6
        D:2 |      74 |      35 |  32.1 |      19 |       1 |   5.0
            +---------+---------+-------+---------+---------+-------
